[Event "*** Titled Tuesday Blitz"]
[Site "Chess.com"]
[Date "2020.04.28"]
[Round "4"]
[White "imdarealist"]
[Black "jposthuma"]
[Result "1-0"]
[WhiteElo "2294"]
[BlackElo "2572"]
[TimeControl "180+1"]
[EndTime "10:41:22 PDT"]
[Termination "imdarealist won by resignation"]

1. d4 Nf6 2. Bf4 c5 3. e3 Nd5 4.
Bg3 Qb6 5. Na3 Qxb2 6. Nb5 Qb4+ 7. c3 Qa5 8. dxc5 a6 9. Qxd5 axb5 10. Qb3 Na6 11.
Bxb5 Nxc5 12. Qb4 e6 13. Qxa5 Rxa5 14. Be2 Be7 15. Nf3 Ne4 16. c4 Bb4+ 17. Kf1 Nxg3+ 18.
hxg3 Ke7 19. Kg1 Bc3 20. Rc1 Bb2 21. Rc2 Bf6 22. Kh2 d6 23. Rb1 Rd8 24. Nd4 e5 25.
Nb5 Bf5 26. Rbc1 Bxc2 27. Rxc2 Rda8 28. a3 e4 29. Bg4 Be5 30. f4 exf3 31. gxf3 g6 32.
f4 Bf6 33. Bf3 d5 34. Bxd5 Rb8 35. e4 Ra4 36. e5 Bg7 37. Rc1 Ra6 38. Rb1 Rb6 39.
Kg2 Bf8 40. Rd1 f6 41. e6 Ra8 42. g4 Ra4 43. f5 gxf5 44. gxf5 Rxb5 45. cxb5 Rxa3 46.
Bxb7 Bh6 47. Rd7+ Ke8 48. Bc6 Re3 49. Rxh7+ Kf8 50. Rxh6 Re5 51. Rxf6+ Ke7 52. Rf7+ Kd6 53. e7 Re2+ 54. Kf3 Re1 55. e8=Q Rxe8 56. Bxe8 Kc5 1-0

[Event "*** Titled Tuesday Blitz"]
[Site "Chess.com"]
[Date "2020.04.28"]
[Round "4"]
[White "KarstenHansch"]
[Black "Harsha_Bharathakoti"]
[Result "0-1"]
[WhiteElo "2451"]
[BlackElo "2738"]
[TimeControl "180+1"]
[EndTime "10:41:22 PDT"]
[Termination "Harsha_Bharathakoti won by resignation"]

1. e4 c5 2. Nf3 Nc6 3. Bb5 g6 4. O-O Bg7 5. Re1 e5 6. Bxc6 dxc6 7. d3 Qc7 8. Be3 b6 9. a3 Nf6 10. b4 Ng4 11. bxc5 Nxe3 12. cxb6 axb6 13. Rxe3 O-O 14.
Re1 b5 15. Nc3 h6 16. Qb1 Bg4 17. Nd2 Be6 18. Nb3 Qd6 19. Nc1 f5 20. Qb2 Ra7 21.
N1e2 Rfa8 22. Nb1 b4 23. a4 Rxa4 24. Rxa4 Rxa4 25. Nd2 Ra2 26. Qb1 Ra8 27. Nb3 Kh8 28.
f3 c5 29. Nd2 Qb6 30. Qb2 c4+ 31. Kf1 cxd3 32. cxd3 Qd6 33. Nc1 Rc8 34. Ndb3 Rc3 35. Na5 Qb6 36. Nc4 Bxc4 37. dxc4 fxe4 38. Rxe4 Qd6 39.
Ne2 Qd1+ 40. Kf2 Rc2 41. Qxb4 h5 42. Qb8+ Kh7 43. Qe8 Qd6 44. c5 Qxc5+ 45. Kg3 Qb6 46. Qe7 Qf6 47. Qxf6 Bxf6 48. Kf2 Kh6 49. h3 Kg7 50. g3 Ra2 51. h4 Kf7 52. Re3 Ke6 53. Re4 Be7 54. Re3 Bc5 55. f4 Ra3 0-1

[Event "*** Titled Tuesday Blitz"]
[Site "Chess.com"]
[Date "2020.04.28"]
[Round "4"]
[White "MarcoCorvi"]
[Black "Future2700"]
[Result "1-0"]
[WhiteElo "2200"]
[BlackElo "2402"]
[TimeControl "180+1"]
[EndTime "10:41:22 PDT"]
[Termination "MarcoCorvi won by resignation"]

1. c4 Nf6 2. Nc3 g6 3. Nf3 d6 4. g3 Bg7 5. Bg2 O-O 6. O-O Nc6 7. d4 Rb8 8. b3 a6 9. Bb2 b5 10. cxb5 axb5 11. Rc1 Bd7 12. Re1 e6 13. e4 Ne7 14.
Ba1 b4 15. Na4 Bxa4 16. bxa4 Qd7 17. Qb3 Rfc8 18. Bh3 d5 19. e5 Ne4 20. Red1 c5 21. dxc5 Nxc5 22. Qe3 Nxa4 23. Nd4 Nc6 24. Nb3 Bf8 25.
Bf1 Qa7 26. Qf4 Nc5 27. Nxc5 Bxc5 28. h4 h5 29. g4 hxg4 30. h5 Ne7 31. h6 Nf5 32.
Kg2 g3 33. Bd3 Qxa2 34. Bxf5 exf5 35. Rd2 Qa6 36. e6 Qxe6 37. h7+ Kf8 38. h8=Q+ Ke7 39. Qfh4+ Kd7 40. Qe5 Bd6 41. Qxe6+ Kxe6 42. Qf6+ Kd7 43. Rxd5 Rxc1 44. Rxd6+ Ke8 45. Qh8+ Ke7 46. Qf6+ Ke8 47. Rd8+ Rxd8 48. Qe5+ Kf8 49. Qh8+ Ke7 50. Bf6+ Ke6 51.
Qxd8 gxf2 52. Qe7+ Kd5 53. Kxf2 b3 54. Kf3 Kc4 55. Qd7 b2 56. Qc6+ Kb3 57. Qb5+ Kc2 58. Qxb2+ Kd3 59. Qxc1 g5 60. Qf4 g4+ 61. Kg3 Ke2 62.
Qxf5 Ke3 63. Qxg4 1-0

[Event "*** Titled Tuesday Blitz"]
[Site "Chess.com"]
[Date "2020.04.28"]
[Round "4"]
[White "Andreikka"]
[Black "capatl"]
[Result "1-0"]
[WhiteElo "2971"]
[BlackElo "2652"]
[TimeControl "180+1"]
[EndTime "10:41:23 PDT"]
[Termination "Andreikka won by resignation"]

1. c4 c5 2. Nf3 b6 3. d4 cxd4 4. Nxd4 Bb7 5. f3 d6 6. e4 Nd7 7. Nc3 a6 8. Be3 e6 9. Qd2 Ngf6 10. g4 Ne5 11. g5 Nfd7 12. f4 Nc6 13. O-O-O Rc8 14.
Kb1 Be7 15. h4 Nc5 16. Bg2 Nb4 17. Qe2 Qc7 18. f5 e5 19. Nc2 Nxc2 20. Qxc2 b5 21. Nd5 Bxd5 22. Rxd5 Na4 23. c5 Nxc5 24. Rc1 a5 25.
Qe2 Qb7 26. f6 gxf6 27. gxf6 Bxf6 28. Rxd6 Be7 29. Rd5 O-O 30. Bxc5 Bxc5 31. Rdxc5 Rxc5 32. Rxc5 Qd7 33. Rxe5 Rc8 34. Rd5 Qc6 35. Qd1 b4 36. Bh3 Rf8 37. Qd4 h6 38. Rd8 Rxd8 39. Qxd8+ Kg7 40. Qd4+ Kg8 41. Bf5 Qa6 42. Kc2 Qe2+ 43. Kb3 Qf3+ 44. Ka4 Qg3 45. Qd8+ Kg7 46. Qd4+ Kg8 47. h5 Qc7 48. Qd5 Qc2+ 49. Kxa5 Qxb2 50. Qb3 Qe5+ 51. Kxb4 Qc7 52. Qc4 Qb6+ 53. Kc3 Qe3+ 54.
Qd3 Qa7 55. Qd8+ Kg7 56. Qd4+ f6 57. Qxa7+ 1-0

[Event "*** Titled Tuesday Blitz"]
[Site "Chess.com"]
[Date "2020.04.28"]
[Round "4"]
[White "davidkalashian"]
[Black "GM_dmitrij"]
[Result "0-1"]
[WhiteElo "2552"]
[BlackElo "2986"]
[TimeControl "180+1"]
[EndTime "10:41:23 PDT"]
[Termination "GM_dmitrij won by resignation"]

1. e4 e5 2. Nf3 Nc6 3. d4 exd4 4. Nxd4 Nf6 5. Nc3 Bb4 6. Nxc6 bxc6 7. Bd3 O-O 8. O-O Re8 9. Qf3 Bd6 10. Bf4 Rb8 11. Bxd6 cxd6 12. b3 Qe7 13. Rfe1 Qe5 14. Bf1 Bb7 15. Qg3 Nh5 16. Qxe5 dxe5 17. Rad1 Rbd8 18. Rd6 Kf8 19. Red1 Ke7 20. Na4 Nf6 21. Nc5 Bc8 22. f4 exf4 23. c4 Ng4 24. b4 Ne5 25. b5 f6 26. a4 Nf7 27. R6d2 g5 28. a5 d6 29. Nb3 Ne5 30. Nd4 c5 31. Nb3 Be6 32. b6 axb6 33.
axb6 Bxc4 34. Na5 Bxf1 35. Kxf1 Ra8 36. Ra2 Ke6 37. Rda1 Reb8 38. b7 Ra7 39. Ke2 Kd7 40.
Kd2 Nc6 41. Kc3 Rxa5 42. Rxa5 Nxa5 43. Rxa5 Rxb7 44. Ra8 Rb4 45. Rf8 Ke7 46. Rh8 Rxe4 47.
Rxh7+ Ke6 48. h4 Re3+ 49. Kc4 Rg3 50. Kb5 Rxg2 51. hxg5 fxg5 52. Rh6+ Kf5 53. Rh5 f3 54. Kc6 f2 55. Rh8 Kg4 56. Rf8 Kg3 57. Kd5 g4 58.
Ke4 Rg1 0-1

[Event "*** Titled Tuesday Blitz"]
[Site "Chess.com"]
[Date "2020.04.28"]
[Round "4"]
[White "CMFernandez"]
[Black "The_Machine04"]
[Result "1/2-1/2"]
[WhiteElo "2073"]
[BlackElo "2286"]
[TimeControl "180+1"]
[EndTime "10:41:24 PDT"]
[Termination "Game drawn - insufficient material"]

1. d4 d6 2. Nf3 Nf6 3. c4 g6 4. Nc3 Bf5 5. Nh4 Bd7 6. e4 Bg7 7. Nf3 c5 8. Be2 O-O 9. d5 Na6 10. Bf4 Nc7 11. a4 b6 12. O-O a6 13. e5 Nfe8 14.
Re1 Rb8 15. Qd2 b5 16. axb5 axb5 17. b3 bxc4 18. bxc4 Rb4 19. Reb1 Rxb1+ 20. Rxb1 Bg4 21. exd6 Nxd6 22. Ne5 Bxe2 23. Qxe2 Re8 24. h3 e6 25. dxe6 Rxe6 26. Rd1 Qe8 27. Nd5 Nxd5 28. Rxd5 f6 29. Qd2 fxe5 30. Rxd6 Rxd6 31. Qxd6 exf4 32. Qxc5 Qe1+ 33.
Kh2 f3 34. Qd5+ Kf8 35. Qd8+ Qe8 36. Qd6+ Qe7 37. Qf4+ Qf6 38. Qb8+ Kf7 39. Qc7+ Qe7 40.
Qf4+ Qf6 41. Qc7+ Kg8 42. Qc8+ Qf8 43. Qe6+ Kh8 44. g3 h6 45. Qxg6 Qc5 46. Qe8+ Kh7 47.
Qe4+ Kh8 48. Qxf3 Bd4 49. Kg2 Qe5 50. h4 Kg7 51. Qd5 Qxd5+ 52. cxd5 Kf6 53. Kf3 Ke5 54.
Kg4 Bxf2 55. Kh5 Bxg3 56. Kxh6 Bxh4 57. Kg6 Kxd5 1/2-1/2

[Event "*** Titled Tuesday Blitz"]
[Site "Chess.com"]
[Date "2020.04.28"]
[Round "4"]
[White "AndrewDGreen"]
[Black "PawnEatingZombie"]
[Result "1/2-1/2"]
[WhiteElo "2301"]
[BlackElo "2112"]
[TimeControl "180+1"]
[EndTime "10:41:24 PDT"]
[Termination "Game drawn by stalemate"]

1. d4 d5 2. Bf4 e6 3. e3 Nf6 4. Nd2 Bd6 5. Bg3 c5 6. c3 Qc7 7.
Ngf3 Nbd7 8. c4 Bxg3 9. hxg3 cxd4 10. Nxd4 O-O 11. Rc1 Qb6 12. cxd5 Nxd5 13. Bd3 N7f6 14. Nc4 Qd8 15. g4 e5 16. Nxe5 Re8 17. g5 Rxe5 18. gxf6 Nxf6 19. Nf3 Qa5+ 20. Kf1 Rc5 21. a3 Bg4 22. Rxc5 Qxc5 23. b4 Qc3 24. Qc2 Qxc2 25. Bxc2 Rc8 26. Ne1 Rc3 27. f3 Be6 28. a4 h6 29. Ke2 Nd5 30. e4 Nxb4 31. Kd2 Ra3 32.
Nd3 Nxc2 33. Kxc2 Rxa4 34. Rc1 Ra2+ 35. Nb2 b5 36. Kc3 a5 37. g4 g5 38. Rd1 b4+ 39.
Kc2 a4 40. Rd8+ Kg7 41. Rb8 Bb3+ 42. Kb1 a3 43. Nd3 Rd2 44. Nc1 a2+ 45. Ka1 Bc4 46. Rxb4 Be6 47. Rb6 Rf2 48. Rc6 Rxf3 49. Kb2 Rf4 50.
e5 Rxg4 51. Rc7 Rg2+ 52. Ka1 h5 53. Rc3 h4 54. Rc7 h3 55. Rc3 h2 56. Rc2 Rxc2 57. Nd3 Rd2 58. Nc1 h1=Q 1/2-1/2

[Event "*** Titled Tuesday Blitz"]
[Site "Chess.com"]
[Date "2020.04.28"]
[Round "4"]
[White "Gabrielian_Artur"]
[Black "David_Paravyan"]
[Result "0-1"]
[WhiteElo "2721"]
[BlackElo "2961"]
[TimeControl "180+1"]
[EndTime "10:41:25 PDT"]
[Termination "David_Paravyan won by resignation"]

1. e4 c5 2. Nc3 Nc6 3. Bb5 Nd4 4. Bc4 e6 5. Nf3 a6 6. Nxd4 cxd4 7. Ne2 Nf6 8. d3 Bc5 9. O-O d5 10. exd5 Nxd5 11. Nf4 Nf6 12. Qf3 O-O 13. Re1 Bd6 14. Bd2 Rb8 15. Re2 b5 16. Bb3 Bb7 17. Qh3 e5 18.
Nh5 Nxh5 19. Qxh5 a5 20. a3 a4 21. Ba2 Qd7 22. Rae1 Kh8 23. Bb4 Bxb4 24. axb4 f6 25. f4 e4 26. dxe4 d3 27. cxd3 Qxd3 28. Bb1 Qd4+ 29.
Kh1 g6 30. Qh6 Qxb4 31. h3 Rbe8 32. e5 f5 33. Kh2 Qe7 34. Rd2 Rd8 35. Red1 Rxd2 36.
Rxd2 Rd8 37. Rxd8+ Qxd8 38. h4 Bd5 39. h5 Qh4+ 40. Kg1 Qe1+ 41. Kh2 Qh4+ 42. Kg1 Kg8 43. e6 Bxe6 44. Bd3 Qe1+ 45. Kh2 Qh4+ 46. Kg1 Bc4 47. Bxc4+ bxc4 48. Kf1 Qxh5 49. Qxh5 gxh5 50.
Ke2 c3 51. bxc3 a3 0-1

[Event "*** Titled Tuesday Blitz"]
[Site "Chess.com"]
[Date "2020.04.28"]
[Round "4"]
[White "Fighter008"]
[Black "vizumatv4hoda"]
[Result "0-1"]
[WhiteElo "2517"]
[BlackElo "2763"]
[TimeControl "180+1"]
[EndTime "10:41:25 PDT"]
[Termination "vizumatv4hoda won by checkmate"]

1. e4 c5 2. Nf3 g6 3. h4 Bg7 4.
h5 Nc6 5. d3 d6 6. Nc3 Bg4 7. h6 Bf8 8. Be3 Nf6 9. Be2 e5 10. Qd2 Bxf3 11. gxf3 Nd4 12. O-O-O Qa5 13. Kb1 b5 14. Nd5 Qd8 15. f4 Nxd5 16. exd5 Be7 17. Bg4 O-O 18. c3 Nf5 19. Bxf5 gxf5 20. Qe2 Bf6 21. Qh5 Qd7 22. Rdg1+ Kh8 23. fxe5 dxe5 24.
Bg5 Qe7 25. Qh4 Bxg5 26. Rxg5 Qd6 27. Rhg1 f6 28. Rg7 Qxd5 29. Rg8+ Qxg8 30. Rxg8+ Kxg8 31. Qg3+ Kf7 32. Qg7+ Ke6 33. Qxh7 Rf7 34. Qg6 Rh8 35. Qg2 Rc7 36. Qg6 a5 37. Kc2 a4 38. a3 b4 39. f4 exf4 40. axb4 cxb4 41. d4 a3 42. bxa3 Rxc3+ 43. Kb2 Rh3 44. d5+ Ke5 45. d6 R8xh6 46. Qe8+ Kxd6 47. Qb8+ Kd5 48. Qxf4 Rh2+ 49. Kb3 R6h3+ 50.
Ka4 bxa3 51. Qxf5+ Kc4 52. Qf4+ Kd3 53. Kxa3 Kc2+ 54.
Ka2 Kc3+ 55. Ka3 Kc2+ 56. Ka2 Rd2 57. Qf5+ Kc1+ 58. Ka1 Ra3# 0-1

[Event "*** Titled Tuesday Blitz"]
[Site "Chess.com"]
[Date "2020.04.28"]
[Round "4"]
[White "TheNomNomFactor"]
[Black "nadirsm"]
[Result "1/2-1/2"]
[WhiteElo "2389"]
[BlackElo "2106"]
[TimeControl "180+1"]
[EndTime "10:41:25 PDT"]
[Termination "Game drawn by repetition"]

1. e4 c6 2. d4 d5 3. e5 Bf5 4. h4 h5 5. Bd3 Bxd3 6. Qxd3 e6 7. Bg5 Qb6 8. Nd2 Nh6 9. Nb3 a5 10. Rb1 Nf5 11. c3 a4 12. Nd2 c5 13. Ngf3 Nc6 14. O-O cxd4 15. cxd4 Nfxd4 16. Nxd4 Qxd4 17. Qb5 Rb8 18. Rbc1 Qb4 19. Qe2 Be7 20. Nf3 g6 21. a3 Qb6 22.
Rc3 Bxg5 23. Nxg5 O-O 24. Rfc1 Qd4 25. Nf3 Qg4 26. b3 axb3 27. Rxb3 Nd4 28. Nxd4 Qxd4 29. Rb4 Qa7 30. g4 Qxa3 31. Rcb1 Rbc8 32. gxh5 Rc1+ 33. Kg2 Rxb1 34. Rxb1 Qa4 35. Rxb7 Qxh4 36. hxg6 Qg5+ 37. Kf1 fxg6 38. Rb3 Rf5 39. Rg3 Qc1+ 40. Kg2 Kg7 41. Qg4 g5 42. Qh5 Qf4 43. Qe2 Qh4 44. Qe3 Qe4+ 45.
Qxe4 dxe4 46. Kf1 Rxe5 47. Ke2 Kf6 48. Ke3 Kf5 49. Rh3 Ra5 50. Rh8 Ra3+ 51. Ke2 Kg4 52.
Re8 Kf5 53. Rf8+ Ke5 54. Rg8 Kf5 55. Rf8+ Ke5 56. Rg8 Ra2+ 57. Ke3 Ra3+ 58. Ke2 1/2-1/2

[Event "*** Titled Tuesday Blitz"]
[Site "Chess.com"]
[Date "2020.04.28"]
[Round "4"]
[White "Twitch_ElhamBlitz05"]
[Black "swimmerchess"]
[Result "1-0"]
[WhiteElo "2718"]
[BlackElo "2849"]
[TimeControl "180+1"]
[EndTime "10:41:26 PDT"]
[Termination "Twitch_ElhamBlitz05 won by resignation"]

1. e4 c5 2. Ne2 Nc6 3. Nbc3 Nf6 4. d4 cxd4 5. Nxd4 d6 6. f3 e5 7. Nb3 Be7 8. Be3 O-O 9. Qd2 a5 10. Bb5 Na7 11. Bxa7 Rxa7 12. a4 Be6 13. Rd1 Ra8 14. O-O Rc8 15. Qe2 Nh5 16. g3 f5 17. Kh1 f4 18. g4 Nf6 19. Rd2 g5 20. Nd5 Bxd5 21. exd5 Kg7 22. Kg2 h5 23. h3 Rf7 24. c4 b6 25. Rdd1 Qh8 26. Nd2 Qh6 27. Ne4 Rh8 28. Rh1 Kf8 29. Nxf6 Bxf6 30. Qe4 Qh7 31. Qxh7 Rfxh7 32. Rde1 hxg4 33. hxg4 Rxh1 34. Rxh1 Rxh1 35. Kxh1 e4 36.
fxe4 Bxb2 37. Kg2 Kg7 38. Kf3 Kf6 39. Ke2 Ke5 40. Kf3 Kd4 41. Ba6 Ba3 42. Bb5 Bc5 43. Ba6 Kc3 44. Bb5 Bd4 45. Ba6 Be5 46. Bb5 Kb3 47. Ke2 Kb4 48. Kf3 Kc5 49. Ke2 Kd4 50. Kf3 Kd3 51. c5+ Kc3 52. c6 1-0

[Event "*** Titled Tuesday Blitz"]
[Site "Chess.com"]
[Date "2020.04.28"]
[Round "4"]
[White "AnkitGajwa"]
[Black "albi1999"]
[Result "0-1"]
[WhiteElo "2465"]
[BlackElo "2657"]
[TimeControl "180+1"]
[EndTime "10:41:26 PDT"]
[Termination "albi1999 won by checkmate"]

1. e4 e5 2. Nf3 Nc6 3. Bb5 a6 4.
Ba4 Nf6 5. O-O Be7 6. Re1 b5 7. Bb3 O-O 8. a4 b4 9. d4 d6 10. dxe5 Nxe5 11. Nxe5 dxe5 12. Qf3 Bg4 13. Qg3 Bd6 14.
Bg5 Bh5 15. Nd2 Bg6 16. Nc4 h6 17. Bh4 Kh7 18. Nxe5 Re8 19. f4 Bxe5 20. fxe5 Qd4+ 21. Kh1 Qxe5 22. Qxe5 Rxe5 23. Bg3 Rxe4 24. Bxc7 Rae8 25. Rxe4 Rxe4 26. Kg1 Re2 27. Kf1 Rd2 28. Bf4 Rd4 29. Be5 Rd2 30. Bxf6 gxf6 31. Rc1 Be4 32. Bxf7 Rxg2 33.
Re1 Rg4 34. Bb3 f5 35. Re2 Kg6 36. Kf2 Kg5 37. c4 bxc3 38. bxc3 Kf4 39. Bc4 Ke5 40.
Bxa6 Rg2+ 41. Ke1 Rg1+ 42. Kd2 Ra1 43. Bb5 f4 44. Bc6 Ra2+ 45. Ke1 Rxe2+ 46. Kxe2 Bxc6 47.
a5 Bb5+ 48. Kf3 Kf5 49. h4 h5 50. Kf2 Ke4 51. Kg2 Ke3 52. Kh3 f3 53. c4 Bxc4 54. a6 f2 55. a7 f1=Q+ 56. Kh2 Qf2+ 57. Kh3 Be6# 0-1

[Event "*** Titled Tuesday Blitz"]
[Site "Chess.com"]
[Date "2020.04.28"]
[Round "4"]
[White "adriangschnitzer"]
[Black "SameerMujumdar"]
[Result "1-0"]
[WhiteElo "2405"]
[BlackElo "2232"]
[TimeControl "180+1"]
[EndTime "10:41:27 PDT"]
[Termination "adriangschnitzer won by resignation"]

1. c4 Nf6 2. Nc3 e5 3. Nf3 Nc6 4. e3 Bb4 5. Qc2 Bxc3 6. Qxc3 d6 7. b3 O-O 8. Bb2 Bf5 9. Be2 h6 10. O-O a5 11. a3 Ne4 12. Qc1 Nc5 13. Qd1 a4 14. b4 Nd3 15. Bc3 d5 16. cxd5 Qxd5 17.
Ne1 Rfd8 18. f3 Nxe1 19. Qxe1 Bd3 20. Bxd3 Qxd3 21. f4 exf4 22. Rxf4 Rd6 23. Qg3 Rg6 24. Rg4 Qd6 25. Rxg6 fxg6 26. Qxd6 cxd6 27. Kf2 b5 28.
Ke2 Rc8 29. Rf1 d5 30. Kd3 Rc7 31. Bd4 Rf7 32. Rc1 Rc7 33. Rc5 Rc8 34. Rxd5 Nxd4 35. Rxd4 Rc1 36. Rd5 Ra1 37. Rxb5 Rxa3+ 38. Kc4 Ra2 39.
Kc3 Ra3+ 40. Kb2 Rb3+ 41. Kc2 Kf7 42. Rb8 Ra3 43. b5 Ra2+ 44. Kc3 a3 45. b6 Rb2 46.
Ra8 Rxb6 47. Rxa3 Rc6+ 48. Kd3 Rd6+ 49. Ke2 g5 50. Rd3 Rf6 51. Rd7+ Kg6 52. Ra7 Rb6 53. d4 g4 54. e4 h5 55. d5 Kf6 56.
Rc7 g5 57. Rc6+ Rxc6 58. dxc6 Ke6 59. e5 Ke7 60. Ke3 Kd8 61. e6 Kc7 62. e7 g3 63.
e8=Q gxh2 64. Qe5+ 1-0

[Event "*** Titled Tuesday Blitz"]
[Site "Chess.com"]
[Date "2020.04.28"]
[Round "4"]
[White "MaximDlugy"]
[Black "lucliasco"]
[Result "1-0"]
[WhiteElo "2908"]
[BlackElo "2638"]
[TimeControl "180+1"]
[EndTime "10:41:28 PDT"]
[Termination "MaximDlugy won by resignation"]

1. d4 d5 2. Bf4 c5 3. Nc3 a6 4. e4 e6 5. exd5 exd5 6. dxc5 Nf6 7. Na4 Bxc5 8. Nxc5 Qa5+ 9. Qd2 Qxc5 10. Bd3 Nc6 11. Nf3 O-O 12. O-O Bg4 13. Ne5 Bh5 14. Nxc6 Qxc6 15. Be5 Bg6 16. Bxg6 hxg6 17. Rad1 Rad8 18. c3 Rfe8 19. Rfe1 Qa4 20. Bxf6 gxf6 21. Rxe8+ Rxe8 22. Qxd5 Qc2 23. h4 Qxb2 24. h5 gxh5 25. Rd3 Qc1+ 26. Kh2 Re5 27. Rg3+ Rg5 28. Qxb7 Rxg3 29. fxg3 Qxc3 30. Qxa6 Kg7 31. Qa4 f5 32. Qf4 Qa3 33. Qg5+ Kf8 34. Qd8+ Kg7 35. Qd4+ Kg6 36. Qb6+ Kg7 37.
Qb3 Qd6 38. Qc3+ Kg6 39. Qc4 Qe5 40. a4 Qe1 41. Qc6+ f6 42. Qc4 Qe8 43. a5 Qb8 44. a6 Qb6 45. Qa4 Qa7 46. Qe8+ Kh6 47. Qf8+ Kg6 48. Qd6 Kg7 49. Qc6 Kg6 50. Qb7 Qe3 51.
Qf3 h4 52. Qxe3 hxg3+ 53. Qxg3+ Kh5 54. a7 1-0

[Event "*** Titled Tuesday Blitz"]
[Site "Chess.com"]
[Date "2020.04.28"]
[Round "4"]
[White "ZCorrales"]
[Black "Rinas_Oleg"]
[Result "1-0"]
[WhiteElo "2082"]
[BlackElo "2216"]
[TimeControl "180+1"]
[EndTime "10:41:28 PDT"]
[Termination "ZCorrales won on time"]

1. d4 Nf6 2. Nf3 g6 3. Bg5 Bg7 4. e3 O-O 5. Be2 d5 6. O-O c5 7. c3 cxd4 8. exd4 Nc6 9. Nbd2 Bf5 10. h3 h6 11. Bf4 Ne4 12. Re1 Nxd2 13. Qxd2 Kh7 14.
Bd3 Bxd3 15. Qxd3 Qd7 16. Ne5 Nxe5 17. dxe5 e6 18. h4 h5 19. Bg5 Rac8 20. g3 Rc4 21. Rad1 Qc7 22. Bf4 b5 23. Kg2 Rb8 24. Re3 b4 25. cxb4 Rbxb4 26. b3 Rc2 27. Re2 Rxe2 28. Qxe2 Re4 29. Qf3 Kg8 30. Rc1 Qb8 31. Qc3 Bxe5 32. Qc8+ Qxc8 33. Rxc8+ Kg7 34. Bxe5+ Rxe5 35. Ra8 d4 36. Rxa7 Rd5 37. Kf1 e5 38. Re7 d3 39.
Ke1 Kf8 40. Rc7 d2+ 41. Kd1 Rd3 42. Rc2 e4 43. Rxd2 Rf3 44. Ke2 Rf5 45. Rd4 Ra5 46. a4 f5 47. Rb4 Ke7 48. Rb5 Ra6 49. a5 Kd7 50. b4 Kc6 51. Rc5+ Kd6 52. Rb5 Kc6 53.
Rb8 Ra7 54. b5+ Kc5 55. a6 Rd7 56. Rb7 Rd8 57. a7 Ra8 58. b6 Kc6 59. Rb8 1-0

[Event "*** Titled Tuesday Blitz"]
[Site "Chess.com"]
[Date "2020.04.28"]
[Round "4"]
[White "Noam_Vitenberg"]
[Black "dennisodessa"]
[Result "1-0"]
[WhiteElo "2489"]
[BlackElo "2306"]
[TimeControl "180+1"]
[EndTime "10:41:29 PDT"]
[Termination "Noam_Vitenberg won on time"]

1. d4 e6 2. c4 Nf6 3. Nf3 Bb4+ 4. Bd2 a5 5. Nc3 b6 6. g3 O-O 7. Bg2 Bb7 8. O-O d6 9. a3 Bxc3 10. Bxc3 a4 11. Rc1 Nbd7 12. Qc2 Be4 13. Qd2 Qc8 14.
Rfd1 Qb7 15. Qf4 Rfe8 16. Rd2 Qc6 17. Bb4 e5 18. Qh4 Qb7 19. dxe5 Nxe5 20. Ne1 Bxg2 21. Nxg2 Qe4 22. Qxe4 Nxe4 23. Rd5 Nd7 24. f3 Nec5 25. e4 Ne5 26. Rf1 Nxc4 27. Bc3 Ne5 28. Ne3 Ned7 29. Rd2 Nb3 30. Rc2 Ndc5 31. Nd5 Rac8 32. h4 f6 33. h5 h6 34. Bxf6 gxf6 35. Nxf6+ Kf7 36. Nxe8 Rxe8 37. Kg2 Rg8 38. g4 Nd4 39. Rd2 Nde6 40. Kg3 Kf6 41. Rd5 Rg5 42. Rxg5 hxg5 43. Rh1 Kg7 44.
Re1 Kf6 45. h6 Kg6 46. e5 Kxh6 47. exd6 cxd6 48. Rd1 Nb7 49. Rd5 Nec5 50. Rf5 Kg6 51. Rd5 Kf6 52. Rf5+ Kg6 53. Rd5 Nd7 54. Rb5 Kf6 55. Rd5 Ne5 56. Rb5 1-0

[Event "*** Titled Tuesday Blitz"]
[Site "Chess.com"]
[Date "2020.04.28"]
[Round "4"]
[White "PavlovDanila"]
[Black "MilanovicDan"]
[Result "0-1"]
[WhiteElo "2726"]
[BlackElo "2473"]
[TimeControl "180+1"]
[EndTime "10:41:30 PDT"]
[Termination "MilanovicDan won by resignation"]

1. e4 d5 2. exd5 Qxd5 3. Nc3 Qd6 4. d4 Nf6 5. Nf3 c6 6. g3 Bf5 7. Bf4 Qd8 8. Bg2 e6 9. Qd2 h6 10. h3 Nbd7 11. g4 Bh7 12. O-O-O Bb4 13. Qe1 Qa5 14. Kb1 Nb6 15. Ne5 Nfd5 16. Bd2 Bxc3 17. Bxc3 Nxc3+ 18. Qxc3 Qxc3 19. bxc3 Na4 20. Rde1 Nxc3+ 21. Kb2 Nd5 22. Bxd5 cxd5 23. c4 dxc4 24. Nxc4 O-O 25. Rc1 Rfd8 26. Rhd1 Be4 27. Ne3 Rac8 28. Rxc8 Rxc8 29. Rd2 Kf8 30.
h4 Ke7 31. d5 Rd8 32. Kc3 Bxd5 33. Nxd5+ Rxd5 34. Rb2 b6 35. Rb4 h5 36. g5 Rf5 37. f4 Kd6 38. Rd4+ Rd5 39. Re4 f6 40. a4 a6 41. Rb4 b5 42. axb5 axb5 43. Rb1 Rc5+ 44. Kd3 Kd5 45. Ra1 Rc4 46. Ra7 Rxf4 47. Rxg7 fxg5 48. hxg5 Rg4 49. g6 h4 50. Ke3 h3 51. Rd7+ Kc6 52. Rh7 Rxg6 53. Rxh3 Kc5 54. Kd2 Rg2+ 55. Kc3 e5 56. Re3 Kd5 57. Re1 e4 58. Kb4 Kd4 59. Rd1+ Ke3 60. Kxb5 Rc2 61. Rd8 Kf2 62. Rf8+ Ke2 63. Re8 e3 64. Kb4 Kf2 65. Kb3 Rc7 66. Rf8+ Ke1 67. Re8 e2 68. Kb2 Rf7 69. Rh8 Kf2 70. Rh2+ Ke3 71. Rh3+ Rf3 72. Rh1 Rf1 73. Rh3+ Kf4 0-1

[Event "*** Titled Tuesday Blitz"]
[Site "Chess.com"]
[Date "2020.04.28"]
[Round "4"]
[White "jguerramzllo"]
[Black "VinzentSpitzl"]
[Result "1-0"]
[WhiteElo "2628"]
[BlackElo "2384"]
[TimeControl "180+1"]
[EndTime "10:41:31 PDT"]
[Termination "jguerramzllo won by resignation"]

1. e4 c6 2. d4 d5 3. Nc3 dxe4 4. Nxe4 Nf6 5. Ng3 h5 6. h4 c5 7. Nf3 Nc6 8. Be3 cxd4 9. Nxd4 Nxd4 10. Qxd4 Qxd4 11.
Bxd4 e6 12. Be2 Bb4+ 13. c3 Bd6 14. Bxf6 gxf6 15. Nxh5 Ke7 16. Ng3 Bd7 17. Ne4 Be5 18.
Bf3 Bc6 19. Nd2 f5 20. Bxc6 bxc6 21. Ke2 Rab8 22. Nc4 Bf6 23. g3 f4 24. Kf3 fxg3 25. fxg3 Rb5 26. Rad1 Rc5 27. Nd2 Rb5 28. Nc4 Rc5 29. Ne3 Rb8 30. Rh2 Rh8 31. Rdd2 Ra5 32. a3 Rb5 33. Ng4 Bg7 34. Ne3 f5 35. Rd3 Be5 36. Rhd2 Rg8 37. Rd7+ Kf6 38. g4 fxg4+ 39.
Nxg4+ Kg6 40. Re2 Bf6 41. Rxe6 Rf5+ 42. Ke4 Rh8 43. Nxf6 Rxf6 44. Rxf6+ Kxf6 45. Rd6+ Ke7 46. Rxc6 Rxh4+ 47. Kd3 Kd7 48. Ra6 Rh2 49. Rxa7+ Kc6 50. b3 Rh3+ 51. Kc4 Rh2 52. b4 Rh4+ 53. Kb3 Kb6 54.
Ra5 Kc6 55. Rg5 Rh3 56. Rf5 Rh2 57. a4 Rh3 58. a5 Kb7 59. Rg5 Rh4 60. b5 Rh5 61.
Rxh5 1-0

[Event "*** Titled Tuesday Blitz"]
[Site "Chess.com"]
[Date "2020.04.28"]
[Round "4"]
[White "AcsinteMatei"]
[Black "JiaHaoxiang"]
[Result "1-0"]
[WhiteElo "2292"]
[BlackElo "2572"]
[TimeControl "180+1"]
[EndTime "10:41:31 PDT"]
[Termination "AcsinteMatei won by resignation"]

1. d4 Nf6 2. Bf4 d5 3. e3 e6 4. Nd2 c5 5. c3 Bd6 6. Bg3 O-O 7.
Ngf3 b6 8. Bd3 Bb7 9. Qe2 Nc6 10. e4 dxe4 11. Nxe4 Nxe4 12. Qxe4 g6 13. dxc5 Bxc5 14.
Bh4 Qc7 15. Bf6 Nb4 16. Qe2 Nxd3+ 17. Qxd3 Qf4 18. Be5 Qg4 19. Bg3 Rad8 20. Qe2 Be4 21. Ne5 Qxe2+ 22. Kxe2 Bxg2 23. Rhd1 Bd5 24. c4 Bb7 25. Nd7 Rfe8 26. Nf6+ Kf8 27. Nxe8 Rxe8 28. Bd6+ Bxd6 29. Rxd6 Rc8 30. b3 Rc7 31. Rad1 Bc6 32.
Kd3 Ke7 33. Kc3 a5 34. R6d4 e5 35. R4d2 f5 36. a3 Bf3 37. Re1 e4 38. Re3 Ke6 39.
b4 axb4+ 40. axb4 Ra7 41. Kb3 Ra1 42. c5 bxc5 43. bxc5 f4 44. Rc3 Ra7 45. c6 Rc7 46. Kb4 e3 47. fxe3 Rxc6 48. Rxc6+ Bxc6 49. exf4 Kf5 50. Kc5 Be4 51. Rf2 h5 52. Kd4 Bc6 53. Ke3 h4 54. Ra2 h3 55. Ra5+ Kg4 56. Rg5+ Kh4 57.
Rxg6 Bg2 58. f5 Kh5 59. Rg3 Kh6 60. f6 Bd5 61. Kf4 Be6 62. Ke5 Bc4 63. Kd6 Kh7 64. Ke7 1-0

[Event "*** Titled Tuesday Blitz"]
[Site "Chess.com"]
[Date "2020.04.28"]
[Round "4"]
[White "otrov-11"]
[Black "mshuaau0"]
[Result "0-1"]
[WhiteElo "2382"]
[BlackElo "2129"]
[TimeControl "180+1"]
[EndTime "10:41:32 PDT"]
[Termination "mshuaau0 won by checkmate"]

1. Nf3 d5 2. c4 e6 3. cxd5 exd5 4. d3 Nf6 5. g3 Bb4+ 6. Bd2 Bxd2+ 7. Nbxd2 O-O 8.
Bg2 Re8 9. O-O c5 10. Re1 b6 11. e4 Bb7 12. e5 Nfd7 13. d4 cxd4 14. Nb3 Nc6 15. Nfxd4 Ndxe5 16. Nf5 Na5 17. Nbd4 Nac4 18. b3 Nd6 19. f4 Ng6 20. Qg4 Nxf5 21. Nxf5 Qf6 22. h4 Nf8 23. h5 g6 24. hxg6 hxg6 25.
Nh6+ Kg7 26. Qh3 Rxe1+ 27. Rxe1 Bc8 28. Ng4 Bxg4 29. Qxg4 Rd8 30. Rf1 d4 31. f5 g5 32.
Be4 d3 33. Kg2 d2 34. Rh1 Nh7 35. Qh5 Rh8 36. Qe2 Qd4 37. f6+ Nxf6 38. Rxh8 Kxh8 39.
Bc2 Qd5+ 40. Kg1 Kg7 41. Bd1 Qd4+ 42. Kg2 Ne4 43. Qf3 Nc3 44. Kh3 Nxd1 45. Qxd1 Qe3 46.
Kg2 Qe1 47. Qh5 d1=Q 48. Qxg5+ Kf8 49. Qh6+ Ke7 50. Qg5+ Kd7 51. Qf5+ Qe6 52. Qh7 Qdd5+ 53. Kg1 Qe1+ 54. Kh2 Qeh1# 0-1